 Dungeon Crawl Stone Soup version 0.29-a0-100-g60f898f876 (webtiles) character file.

Game seed: 1463081674947624028

106 siradein the Shield-Bearer (level 5, -1/42 HPs)
             Began as a Formicid Fighter on Feb 15, 2022.
             Slain by a ball python (3 damage)
             ... on level 3 of the Dungeon.
             The game lasted 00:04:51 (2029 turns).

siradein the Shield-Bearer (Formicid Fighter)       Turns: 2029, Time: 00:04:52

Health: -1/42      AC:  9    Str: 20    XL:     5   Next: 10%
Magic:  5/5        EV:  6    Int: 10    God:
Gold:   97         SH:  4    Dex: 10    Spells: 4/4 levels left

rFire   . . .      SeeInvis +   a - +0 flail
rCold   . . .      Faith    .   c - +0 buckler
rNeg    . . .      Spirit   .   b - +0 scale mail
rPois   .          Reflect  .   (helmet unavailable)
rElec   .          Harm     .   (no cloak)
rCorr   .          Rampage  .   (no gloves)
Will    .....                   m - +1 pair of boots
Stlth   ..........              (no amulet)
HPRegen 0.14/turn               (no ring)
MPRegen 0.09/turn               (no ring)

@: constricted
A: permanent stasis, dig shafts and tunnels, antennae 3, four strong arms
a: Dig, Shaft Self


You were on level 3 of the Dungeon.
You visited 1 branch of the dungeon, and saw 3 of its levels.

You collected 97 gold pieces.

Inventory:

Hand Weapons
 a - a +0 flail (weapon)
Armour
 b - a +0 scale mail (worn)
 c - a +0 buckler (worn)
 m - a +1 pair of boots (worn)
Jewellery
 g - a ring of ice
 o - a ring of wizardry
Scrolls
 e - 2 scrolls of identify {unknown}
 f - 2 scrolls of blinking {unknown}
 i - a scroll of vulnerability {unknown}
 k - a scroll of amnesia {unknown}
 n - a scroll of magic mapping {unknown}
Potions
 d - 2 potions of might
 j - 2 potions of cancellation {unknown}
 l - a potion of degeneration {unknown}


   Skills:
 + Level 4.0 Fighting
 + Level 2.9 Maces & Flails
 + Level 4.1 Armour
 + Level 4.5 Shields


You had 4 spell levels left.
You didn't know any spells.
Your spell library contained the following spells:

 Spells                   Type           Power      Damage    Failure   Level
 Summon Small Mammal      Summ           0%         N/A       78%         1
 Call Canine Familiar     Summ           0%         N/A       98%         3
 Summon Guardian Golem    Hex/Summ       0%         N/A       98%         3


Dungeon Overview and Level Annotations

Branches:
Dungeon (3/15)

Altars:
Nemelex Xobeh
Okawaru
Vehumet
Wu Jian
The Shining One


Innate Abilities, Weirdness & Mutations

You cannot be hasted, slowed, berserked, paralysed or teleported.
You can dig through walls and to a lower floor.
You have a pair of large antennae on your head. (SInv)
Your four strong arms can wield two-handed weapons with a shield.


Message History

No target in view!
No target in view!
Found an iron altar of Okawaru.
o - a ring of wizardry You see here a hobgoblin corpse.
Found a ring mail.
An ogre comes into view. It is wielding a +0 giant club.
Found a spear.
The ogre shouts!
An ogre is nearby!
An ogre is nearby!
An ogre is nearby!
Throw: 2 javelins
Press: ? - help, Q - select action, (/) - cycle Shift-Dir - straight line, f - ogre
Aim: an ogre, wielding a +0 giant club (73% to hit)
You throw a javelin. The javelin barely misses the ogre.
Unknown command.
Throw: javelin
Press: ? - help, Q - select action, (/) - cycle Shift-Dir - straight line, f/p - ogre
Aim: an ogre, wielding a +0 giant club (73% to hit)
You throw a javelin. The javelin pierces through the ogre!
The ogre is moderately wounded.
The ogre hits you with a +0 giant club!!
You barely miss the ogre.
The ogre is moderately wounded.
The ogre hits you with a +0 giant club!!
Ouch! That really hurt!
* * * LOW HITPOINT WARNING * * *
You are too injured to fight recklessly!
You are too injured to fight recklessly!
Unknown command.
A ball python comes into view.
Found a mace.
The ball python hisses angrily.
The ball python barely misses you. The ball python grabs you.
The ball python constricts you.
* * * LOW HITPOINT WARNING * * *
The ball python's grasp on you weakens, but your attempt to escape fails.
The ball python bites you.
You die...

.......## .......#<.. #
.......# ..## #...#.
######.#####... ....#.###
..†............# .... ...
.######......... ... ....
................ #.# .....
<.[.###.........##.##...).
...## #..........S........
#### #.........@O..#.....
###........###........
#####.....######....#.....
......##..............)..#
.........#####.....##....#
#.######## ....#### ....#
#..# #(....# #### ##.#
#(...## .#.# #....#


You could see an ogre and a ball python.

Vanquished Creatures
  Jessica (D:2)
  An iguana (D:2)
  A worm (D:2)
  2 dart slugs
  An orc (D:3)
  4 bats
  3 endoplasms
  2 giant cockroaches
  5 hobgoblins
  3 quokkas
  4 ball pythons
  6 frilled lizards
  5 goblins
  3 kobolds
  7 rats
48 creatures vanquished.

Vanquished Creatures (others)
  A fungus (D:1)
  A plant (D:1)
2 creatures vanquished.

Grand Total: 50 creatures vanquished

Notes
Turn   | Place    | Note
-------+----------+-------------------------------------------
     0 | D:1      | siradein the Formicid Fighter began the quest for the Orb.
     0 | D:1      | Reached XP level 1. HP: 18/18 MP: 1/1
   396 | D:1      | Reached XP level 2. HP: 24/24 MP: 2/2
   518 | D:1      | Found a faded altar of an unknown god.
   885 | D:1      | Reached XP level 3. HP: 29/29 MP: 3/3
  1518 | D:2      | Noticed Jessica
  1526 | D:2      | Killed Jessica
  1527 | D:2      | Reached XP level 4. HP: 30/37 MP: 4/4
  1679 | D:3      | Found a sparkling altar of Nemelex Xobeh.
  1680 | D:3      | Found an ornate altar of the Wu Jian Council.
  1680 | D:3      | Found a glowing golden altar of the Shining One.
  1680 | D:3      | Found a radiant altar of Vehumet.
  1751 | D:3      | Reached XP level 5. HP: 41/42 MP: 5/5
  1986 | D:3      | Found an iron altar of Okawaru.
  2020 | D:3      | Noticed an ogre
  2023 | D:3      | HP: 2/42 [ogre (21)]
  2028 | D:3      | HP: 1/42 [constriction (1)]
  2029 | D:3      | Slain by a ball python

Illustrated notes

Levels and vault maps discovered:
D:1:      roderic_octagonal_star, layout_loops_cross,
          dreamdust_ecumenical_altar_grove, dk_noncrumbling_2
D:2:      layout_basic, kennysheep_jessica_study
D:3:      layout_rooms, chequers_temple_overflow_statue_of_worship,
          marbit_many_paths

Skill      XL: |  1  2  3  4 |
---------------+-------------+-----
Shields        | 4 |  4.5
Fighting       | 4 |  4.0
Armour         | 4 |  4.1
Maces & Flails | |  2.9

Action                   |  1- 3 |  4- 6 || total
-------------------------+-------+-------++-------
Melee: Flail             |   105 |    57 ||   162
Throw: Javelin           |       |     2 ||     2
Armor: Scale mail        |    54 |    32 ||    86
Dodge: Dodged            |    45 |    37 ||    82
Block: Buckler           |    22 |     8 ||    30

Table legend: (Time is in decaauts)
 A = Elapsed time spent in this place.
 B = Non-inter-level travel time spent in this place.
 C = Inter-level travel time spent in this place.
 D = Time resting spent in this place.
 E = Time spent auto-exploring this place.
 F = Levels seen in this place.
 G = Mean time per level.
                   A        B        C        D        E       F      G
               +--------+--------+--------+--------+--------+-----+--------+
         Total |   2080 |   2038 |     42 |     21 |   1570 |   3 |  693.3 |
       Dungeon |   2080 |   2038 |     42 |     21 |   1570 |   3 |  693.3 |
               +--------+--------+--------+--------+--------+-----+--------+

Top non-repeatable levels by time:
     D:1: 1085 daAuts
     D:2: 656 daAuts
     D:3: 339 daAuts
